 Dungeon Crawl Stone Soup version 0.31-a0-214-gb37851dbb3 (webtiles) character file.

Game seed: 1598823274240928438

2715 qw the Cleaver (level 9, 0/55 HPs)
             Began as a Gargoyle Fighter on July 1, 2023.
             Was a Follower of Okawaru.
             Slain by a vampire (11 damage)
             ... on level 7 of the Dungeon.
             The game lasted 00:02:41 (5478 turns).

qw the Cleaver (Gargoyle Fighter)                   Turns: 5478, Time: 00:02:42

Health: 0/55       AC: 19    Str: 29    XL:     9   Next: 66%
Magic:  11/12      EV: 11    Int: 13    God:    Okawaru [*.....]
Gold:   67         SH: 13    Dex:  9    Spells: 8/8 levels left

rFire   + . .        Y - +2 war axe (flame)
rCold   x . .        p - +2 kite shield of Weightlessness {Will+}
rNeg    + . .        b - +0 scale mail
rPois   inf          f - +2 hat
rElec   +            q - +0 cloak
rCorr   .            n - +0 pair of gloves
SInv    .            (no boots)
Will    +++..        (no amulet)
Stlth   ++           a - ring of Untruth {Fire Will++ Int+3 Stlth+}
HPRegen 0.29/turn    o - +6 ring of strength
MPRegen 0.13/turn

%: no passive effects
@: heroic
A: sickness immunity, AC +6, negative energy resistance 1, electricity
resistance, torment resistance 1, petrification resistance
a: Renounce Religion, Heroism


You were on level 7 of the Dungeon.
You worshipped Okawaru.
Okawaru was aware of your devotion.
You visited 2 branches of the dungeon, and saw 8 of its levels.

You collected 310 gold pieces.
You spent 243 gold pieces at shops.


Innate Abilities, Weirdness & Mutations

You are immune to sickness and miasma.
Your stone body is resilient. (AC +6)
You are immune to poison.
You resist negative energy. (rN+)
You are resistant to electric shocks. (rElec)
You are resistant to unholy torment.
You are immune to petrification.


   Skills:
 - Level 6.2(11.2) Fighting
 - Level 9.0(14.0) Axes
 - Level 2.4(7.4) Throwing
 - Level 3.2(8.2) Armour
 - Level 1.1(6.1) Dodging
 + Level 6.1(11.1) Shields
 - Level 4.1 Invocations


You had 8 spell levels left.
You didn't know any spells.
Your spell library was empty.

Inventory:

Hand Weapons
 Y - a +2 war axe of flaming (weapon)
Missiles
 l - 3 javelins
Armour
 b - a +0 scale mail (worn)
 f - a +2 hat (worn)
 n - a +0 pair of gloves (worn)
 p - the +2 kite shield of Weightlessness (worn) {Will+}
   (You acquired it on level 7 of the Dungeon)

   Will:      It increases your willpower.
 q - a +0 cloak (worn)
Jewellery
 a - the ring of Untruth (left hand) {Fire Will++ Int+3 Stlth+}
   (You acquired it on level 2 of the Dungeon)

   [ring of fire]

   It enhances your fire magic.
   Int:       It affects your intelligence (+3).
   rF:        It protects you from fire.
   rC:        It makes you vulnerable to cold.
   Will:      It greatly increases your willpower.
   Stlth:     It makes you more stealthy.
 j - a ring of positive energy
 o - a +6 ring of strength (right hand)
Scrolls
 i - 2 scrolls of identify
Potions
 d - 2 potions of might
 e - 4 potions of heal wounds
 g - 6 potions of curing
 h - 3 potions of magic
 k - 2 potions of lignification
 m - a potion of enlightenment
 t - a potion of mutation

Dungeon Overview and Level Annotations

Branches:
Dungeon (7/15)             Temple (1/1) D:4

Altars:
Ashenzari
Cheibriados
Elyvilon
Fedhas
Gozag
Hepliaklqana
Kikubaaqudgha
Makhleb
Nemelex Xobeh
Okawaru
Ru
Trog
Vehumet
Xom
Yredelemnul
Zin

Shops:
D:4 *   D:5 !

Annotations:
D:6 1 runed translucent door, Crazy Yiuf


Message History

The fire elemental closely misses you.
The kobold brigand hits you but does no damage.
The fire elemental barely misses you.
You barely miss the fire elemental.
The fire elemental is almost destroyed.
You completely miss the kobold brigand. The fire elemental hits you.
The fire elemental burns you! You resist.
The kobold brigand hits you but does no damage.
You slice the fire elemental!!
You destroy the fire elemental!
The fire elemental disappears in a puff of smoke!
You barely miss the orc wizard. You closely miss the kobold brigand.
You closely miss the kobold brigand.
The kobold brigand is moderately wounded.
You hit the orc wizard but do no damage.
The kobold brigand hits you but does no damage.
The orc wizard mumbles some strange words.
The orc wizard flickers and vanishes!
You slash the kobold brigand! You burn the kobold brigand.
The kobold brigand is heavily wounded.
You hit something. You burn something.
The kobold brigand hits you but does no damage.
You block something's attack. Something hits you but does no damage.
You slice the kobold brigand!! You burn the kobold brigand.
You kill the kobold brigand!
Okawaru accepts your kill.
You completely miss something. You block something's attack.
Your base Shields skill increases to level 6!
5475 ||| FLEEEEING.
Something hits you! Something bites you but does no damage.
Enter note:
5476 ||| FLEEEEING.
5477 ||| FLEEEEING.
An orc comes into view.
It is wielding a +0 dagger and quivering silver javelins.
Found a manual of Polearms.
The orc throws a silver javelin.
The silver javelin pierces through you.
Enter note:
5478 ||| Stepping ~*~*~tactically~*~*~ (hiding).
Something hits you!
You die...

### ....+ ..##### ....#
......##....###
..............#
..............#
..............##############
..............#.....).......
#####.........#.#...#...#...
#.....E..0#.@#!#)..#.#
#.............#...#...#
#..E....)%.............
##########..#...#...#.(.
#...#:#...#.#K.
#....#...#...#.
#............( #..#..o#...
...#.#.


You could see an orc.

Vanquished Creatures
  Grinder (D:3)
  A hornet (D:7)
  A steam dragon (D:5)
  A water moccasin (D:7)
  2 sky beasts (D:6)
  2 black bears
  An ogre (D:6)
  2 centaurs
  A kobold brigand (D:7)
  A bullfrog (D:6)
  7 scorpions
  3 howler monkeys
  A gnoll bouda (D:7)
  6 hounds
  3 jellies (D:6)
  3 iguanas
  Jessica (D:3)
  3 sleepcaps (D:6)
  11 gnolls
  10 adders
  2 shadow imps
  2 white imps (D:6)
  3 ufetubi
  2 worms (D:4)
  2 dart slugs (D:2)
  10 orcs
  13 bats
  9 endoplasms
  A giant cockroach (D:1)
  6 hobgoblins
  5 jackals (D:1)
  3 quokkas
  4 ball pythons
  2 frilled lizards
  11 goblins
  7 kobolds
  10 rats
153 creatures vanquished.

Notes
Turn   | Place    | Note
-------+----------+-------------------------------------------
     0 | D:1      | qw the Gargoyle Fighter began the quest for the Orb.
     0 | D:1      | Reached XP level 1. HP: 14/14 MP: 1/1
     0 | D:1      | 0 ||| qw: Version: 0.3-a-32-g5962c71
     0 | D:1      | 0 ||| qw: Game counter: 7459
     0 | D:1      | 0 ||| qw: Melee chars always use a shield: true
     0 | D:1      | 0 ||| qw: God list: Okawaru
     0 | D:1      | 0 ||| qw: Allow faded altars: false
     0 | D:1      | 0 ||| qw: Do Orc after clearing Dungeon:15 true
     0 | D:1      | 0 ||| qw: Do second Lair branch before Depths: true
     0 | D:1      | 0 ||| qw: Lair rune preference: random
     0 | D:1      | 0 ||| qw: Goals: Normal, Zot:1-4, Slime:5, God:TSO, Crypt,
                  | Tomb, Abyss, Pan, Hells, Win
     0 | D:1      | 0 ||| PLANNING D:1-11
    38 | D:1      | Reached skill level 2 in Axes
    85 | D:1      | Reached XP level 2. HP: 19/19 MP: 2/2
   506 | D:1      | Reached skill level 3 in Axes
   570 | D:1      | Reached XP level 3. HP: 23/23 MP: 3/3
   814 | D:1      | 814 ||| UPGRADING to ring of positive energy.
   815 | D:1      | 815 ||| READING scroll labelled RYONYPYKIA.
   816 | D:1      | 816 ||| READING scroll labelled DOIM VOCATH.
   918 | D:2      | Identified the +2 sling of the Apocalypse {drain, rCorr
                  | MP-9 Int+3}
   934 | D:2      | 934 ||| READING scroll of enchant weapon.
   934 | D:2      | 934 ||| ENCHANTING +1 war axe.
  1175 | D:2      | Reached XP level 4. HP: 28/28 MP: 4/4
  1189 | D:2      | Reached skill level 1 in Throwing
  1389 | D:2      | 1389 ||| UPGRADING to +2 hat.
  1394 | D:2      | 1394 ||| DROPPING ring of wizardry.
  1395 | D:2      | 1395 ||| UPGRADING to +6 ring of strength.
  1396 | D:2      | 1396 ||| READING scroll labelled QUEMAI TENO.
  1396 | D:2      | Identified a scroll of acquirement
  1396 | D:2      | 1396 ||| ACQUIRING ring of Untruth {Fire Will++ Int+3
                  | Stlth+}
  1396 | D:2      | Acquired the ring of Untruth {Fire Will++ Int+3 Stlth+}
  1398 | D:2      | 1398 ||| UPGRADING to ring of Untruth {Fire Will++ Int+3
                  | Stlth+}.
  1400 | D:2      | 1400 ||| READING scroll labelled HOMANL TIAHI.
  1401 | D:2      | 1401 ||| DRINKING 2 amethyst potions.
  1440 | D:3      | 1440 ||| Stepping ~*~*~tactically~*~*~ (stealth).
  1510 | D:3      | 1510 ||| Stepping ~*~*~tactically~*~*~ (stealth).
  1512 | D:3      | Reached skill level 4 in Axes
  1554 | D:3      | 1554 ||| Stepping ~*~*~tactically~*~*~ (hiding).
  1573 | D:3      | 1573 ||| DROPPING +0 club.
  1579 | D:3      | 1579 ||| DROPPING +0 whip.
  1621 | D:3      | Noticed Jessica
  1623 | D:3      | Killed Jessica
  1624 | D:3      | Reached XP level 5. HP: 32/32 MP: 5/5
  1731 | D:3      | 1731 ||| Stepping ~*~*~tactically~*~*~ (hiding).
  1861 | D:3      | Noticed Grinder
  1862 | D:3      | 1862 ||| Stepping ~*~*~tactically~*~*~ (hiding).
  1864 | D:3      | 1864 ||| Stepping ~*~*~tactically~*~*~ (hiding).
  1866 | D:3      | 1866 ||| Stepping ~*~*~tactically~*~*~ (hiding).
  1884 | D:3      | 1884 ||| Stepping ~*~*~tactically~*~*~ (hiding).
  1887 | D:3      | Killed Grinder
  1888 | D:3      | Reached skill level 5 in Axes
  1888 | D:3      | Reached XP level 6. HP: 16/37 MP: 6/6
  1903 | D:3      | 1903 ||| FLEEEEING.
  1912 | D:3      | 1912 ||| FLEEEEING.
  1913 | D:3      | 1913 ||| FLEEEEING.
  1917 | D:3      | 1917 ||| STAIRDANCE
  1965 | D:2      | 1965 ||| READING scroll labelled COYNUNOITE.
  1966 | D:2      | 1966 ||| DRINKING 2 silvery potions.
  2399 | D:4      | Reached skill level 1 in Dodging
  2609 | D:4      | Found a broken altar of Ashenzari.
  2624 | D:4      | Found Jukay's Neck Hole.
  2634 | D:4      | 2634 ||| BUYING +0 cloak (63 gold).
  2634 | D:4      | Bought a +0 cloak for 63 gold pieces
  2634 | D:4      | 2634 ||| SHOPLISTING amulet of reflection (420 gold, have
                  | 147).
  2634 | D:4      | 2634 ||| SHOPLISTING amulet of regeneration (420 gold, have
                  | 147).
  2634 | D:4      | 2634 ||| SHOPLISTING amulet of the acrobat (420 gold, have
                  | 147).
  2639 | D:4      | 2639 ||| Stepping ~*~*~tactically~*~*~ (stealth).
  2641 | D:4      | Found a staircase to the Ecumenical Temple.
  2642 | D:4      | 2642 ||| PLANNING TEMPLE
  2642 | D:4      | 2642 ||| UPGRADING to +0 cloak.
  2653 | D:4      | 2653 ||| READING 2 scrolls labelled OTEOJ SISOO.
  2654 | D:4      | 2654 ||| READING scroll labelled EZILOPSO LIAWO.
  2655 | D:4      | 2655 ||| DROPPING +0 mace.
  2656 | D:4      | 2656 ||| DRINKING 4 viscous amethyst potions.
  2657 | D:4      | 2657 ||| DRINKING 2 bubbling dark potions.
  2685 | D:4      | 2685 ||| Stepping ~*~*~tactically~*~*~ (stealth).
  2721 | Temple   | Entered the Ecumenical Temple
  2734 | Temple   | 2734 ||| PLANNING OKAWARU WORSHIP
  2834 | Temple   | Became a worshipper of Warmaster Okawaru
  2835 | Temple   | 2835 ||| PLANNING D:1-11
  3058 | D:4      | 3058 ||| READING 3 scrolls labelled SOCEOD SUXERAR.
  3059 | D:4      | 3059 ||| READING scroll labelled AGYEMM YPLAYNO.
  3060 | D:4      | 3060 ||| READING 2 scrolls of identify.
  3060 | D:4      | 3060 ||| IDENTIFYING bubbling silvery potion
  3061 | D:4      | 3061 ||| DROPPING 2 scrolls of blinking.
  3091 | D:5      | Entered Level 5 of the Dungeon
  3164 | D:5      | Reached skill level 6 in Axes
  3164 | D:5      | Reached XP level 7. HP: 43/43 MP: 7/7
  3186 | D:5      | 3186 ||| Stepping ~*~*~tactically~*~*~ (hiding).
  3187 | D:5      | 3187 ||| Stepping ~*~*~tactically~*~*~ (hiding).
  3254 | D:5      | Found a bloodstained altar of Trog.
  3264 | D:5      | Found Jokkof's Distillery.
  3268 | D:5      | 3268 ||| BUYING potion of curing (30 gold).
  3268 | D:5      | Bought a potion of curing for 30 gold pieces
  3268 | D:5      | 3268 ||| BUYING potion of lignification (30 gold).
  3268 | D:5      | Bought a potion of lignification for 30 gold pieces
  3268 | D:5      | 3268 ||| BUYING potion of magic (80 gold).
  3268 | D:5      | Bought a potion of magic for 80 gold pieces
  3268 | D:5      | 3268 ||| BUYING potion of might (40 gold).
  3268 | D:5      | Bought a potion of might for 40 gold pieces
  3268 | D:5      | 3268 ||| SHOPLISTING potion of resistance (100 gold, have
                  | 3).
  3329 | D:5      | Noticed a steam dragon
  3330 | D:5      | 3330 ||| Stepping ~*~*~tactically~*~*~ (hiding).
  3342 | D:5      | Killed a steam dragon
  3344 | D:5      | 3344 ||| Stepping ~*~*~tactically~*~*~ (stealth).
  3345 | D:5      | 3345 ||| Stepping ~*~*~tactically~*~*~ (stealth).
  3348 | D:5      | Reached * piety under Okawaru
  3349 | D:5      | Reached skill level 7 in Axes
  3489 | D:5      | Reached skill level 1 in Invocations
  3560 | D:5      | Reached XP level 8. HP: 48/48 MP: 7/9
  3662 | D:5      | Found the +11 Singing Sword {sonic wave}
  3752 | D:5      | 3752 ||| DROPPING amulet of magic regeneration.
  3753 | D:5      | 3753 ||| READING scroll labelled TIUZOU ACSA.
  3815 | D:6      | Reached skill level 3 in Invocations
  3941 | D:6      | Reached ** piety under Okawaru
  3991 | D:6      | 3991 ||| INVOKING Heroism.
  4056 | D:6      | 4056 ||| FLEEEEING.
  4057 | D:6      | 4057 ||| FLEEEEING.
  4109 | D:6      | Found a runed translucent door.
  4110 | D:6      | Noticed Crazy Yiuf
  4170 | D:6      | 4170 ||| Stepping ~*~*~tactically~*~*~ (stealth).
  4190 | D:6      | Reached skill level 8 in Axes
  4190 | D:6      | 4190 ||| INVOKING Heroism.
  4556 | D:6      | 4556 ||| Stepping ~*~*~tactically~*~*~ (stealth).
  4558 | D:6      | 4558 ||| Stepping ~*~*~tactically~*~*~ (hiding).
  4562 | D:6      | 4562 ||| INVOKING Heroism.
  4815 | D:6      | 4815 ||| Stepping ~*~*~tactically~*~*~ (stealth).
  4917 | D:6      | 4917 ||| INVOKING Heroism.
  4928 | D:6      | Reached skill level 6 in Fighting
  4928 | D:6      | Reached XP level 9. HP: 51/55 MP: 10/12
  4998 | D:6      | 4998 ||| INVOKING Heroism.
  5025 | D:6      | 5025 ||| INVOKING Heroism.
  5029 | D:6      | Reached skill level 9 in Axes
  5041 | D:6      | 5041 ||| Stepping ~*~*~tactically~*~*~ (stealth).
  5043 | D:6      | 5043 ||| Stepping ~*~*~tactically~*~*~ (stealth).
  5045 | D:6      | 5045 ||| Stepping ~*~*~tactically~*~*~ (stealth).
  5047 | D:6      | 5047 ||| Stepping ~*~*~tactically~*~*~ (stealth).
  5054 | D:6      | Identified the +10 quarterstaff "Xamimat" {venom, Fragile
                  | rPois Str+7 Dex+2}
  5187 | D:6      | 5187 ||| UPGRADING to +0 pair of gloves.
  5192 | D:6      | 5192 ||| READING scroll labelled URETYOH XUISUJ.
  5193 | D:6      | 5193 ||| READING 4 scrolls of identify.
  5193 | D:6      | 5193 ||| IDENTIFYING fuming blue potion
  5194 | D:6      | 5194 ||| READING 3 scrolls of identify.
  5194 | D:6      | 5194 ||| IDENTIFYING dark potion
  5195 | D:6      | 5195 ||| DROPPING potion of brilliance.
  5291 | D:7      | 5291 ||| Stepping ~*~*~tactically~*~*~ (stealth).
  5292 | D:7      | 5292 ||| Stepping ~*~*~tactically~*~*~ (stealth).
  5301 | D:7      | 5301 ||| INVOKING Heroism.
  5303 | D:7      | Found an opulent altar of Gozag.
  5403 | D:7      | 5403 ||| READING scroll of acquirement.
  5403 | D:7      | 5403 ||| ACQUIRING +2 kite shield of Weightlessness {Will+}
  5403 | D:7      | Acquired the +2 kite shield of Weightlessness {Will+}
  5405 | D:7      | 5405 ||| UPGRADING to +2 kite shield of Weightlessness
                  | {Will+}.
  5415 | D:7      | 5415 ||| DROPPING +0 buckler.
  5419 | D:7      | 5419 ||| INVOKING Heroism.
  5419 | D:7      | Noticed a hornet
  5436 | D:7      | Noticed a deep elf pyromancer
  5440 | D:7      | Killed a hornet
  5442 | D:7      | 5442 ||| INVOKING Heroism.
  5450 | D:7      | HP: 7/55 [deep elf pyromancer/bolt of fire (8)]
  5451 | D:7      | 5451 ||| READING scroll of teleportation.
  5452 | D:7      | 5452 ||| DRINKING 5 potions of heal wounds.
  5459 | D:7      | 5459 ||| Stepping ~*~*~tactically~*~*~ (hiding).
  5463 | D:7      | 5463 ||| INVOKING Heroism.
  5475 | D:7      | Reached skill level 6 in Shields
  5475 | D:7      | 5475 ||| FLEEEEING.
  5476 | D:7      | 5476 ||| FLEEEEING.
  5477 | D:7      | 5477 ||| FLEEEEING.
  5477 | D:7      | HP: 12/55 [orc/silver javelin (4)]
  5478 | D:7      | 5478 ||| Stepping ~*~*~tactically~*~*~ (hiding).
  5478 | D:7      | Slain by a vampire

Levels and vault maps discovered:
D:1:      dpeg_arrival_orchard, layout_basic
D:2:      minmay_chambers_of_ones, layout_rooms, minmay_indecisive_spiral
D:3:      layout_basic, minmay_bisected, uniq_grinder, uniq_jessica
D:4:      layout_basic, ashenzari_altar_1, minmay_temple_entry_large_hall,
          nicolae_shop_sticking_my_neck_out
D:5:      old_forge, layout_rooms, kennysheep_mini_moat, serial_shops,
          kennysheep_mini
D:6:      minmay_octagon_keep, layout_loops_corners, uniq_crazy_yiuf_cottage
D:7:      cheibrodos_fzero, layout_basic, mainiacjoe_overflow_six_doors_small,
          mainiacjoe_overflow_tiny_flanked, uniq_prince_ribbit1
Temple:   dshaligram_water_room_temple

Skill      XL: |  1  2  3  4  5  6  7  8  9 |
---------------+----------------------------+-----
Axes           | 2 3 4 5 6 7 8 9 |  9.0
Throwing       | 1 2 |  2.4
Dodging        | 1 |  1.1
Fighting       | 4 6 |  6.2
Invocations    | 1 4 |  4.1
Shields        | 6 |  6.1
Armour         | |  3.2

Action                     |  1- 3 |  4- 6 |  7- 9 || total
---------------------------+-------+-------+-------++-------
  Melee: War axe           |    92 |    90 |   163 ||   345
  Throw: Javelin           |     1 |    46 |    62 ||   109
 Invoke: Heroism           |       |       |    10 ||    10
    Use: Scroll            |     3 |     8 |     6 ||    17
         Potion            |       |     4 |     1 ||     5
 Armour: Scale mail        |    35 |    34 |    99 ||   168
  Dodge: Dodged            |    43 |    37 |    95 ||   175
  Block: Buckler           |    20 |    16 |    32 ||    68
         Kite shield       |       |       |    24 ||    24

Table legend:
 A = Non-vault XP
 B = Vault XP
 C = Vault XP percentage of total XP
 D = Non-vault monster count
 E = Vault monster count
 F = Vault count percentage of total count
                 A         B        C        D         E       F
            +---------+---------+-------+---------+---------+-------
      Total |    1817 |    2062 |  53.2 |     103 |      50 |  32.7
            +---------+---------+-------+---------+---------+-------
        D:1 |      36 |       0 |   0.0 |      22 |       0 |   0.0
        D:2 |      32 |      40 |  55.6 |      11 |       9 |  45.0
        D:3 |      54 |     321 |  85.6 |      20 |       5 |  20.0
        D:4 |     122 |       0 |   0.0 |      12 |       0 |   0.0
        D:5 |     577 |     294 |  33.8 |      11 |      14 |  56.0
        D:6 |     954 |     616 |  39.2 |      24 |      13 |  35.1
        D:7 |      42 |     791 |  95.0 |       3 |       9 |  75.0
            +---------+---------+-------+---------+---------+-------
